 Dungeon Crawl Stone Soup version 0.31-a0-986-g5e6e4ef867 (webtiles) character file.

Game seed: 6313224298217943706

35 Curundu the Trooper (level 3, -3/31 HPs)
             Began as a Draconian Berserker on Nov 10, 2023.
             Was a Believer of Trog.
             Slain by Sigmund
             ... wielding a +0 scythe
              (8 damage)
             ... on level 2 of the Dungeon.
             The game lasted 00:05:58 (1177 turns).

Curundu the Trooper (Draconian Berserker)           Turns: 1177, Time: 00:05:59

Health: -3/31      AC:  5    Str: 19    XL:     3   Next: 16%
Magic:  3/3        EV: 12    Int:  7    God:    Trog [**....]
Gold:   59         SH:  0    Dex: 12    Spells: 2/2 levels left

rFire   . . .        a - +0 hand axe
rCold   . . .        (no shield)
rNeg    . . .        (body armour unavailable)
rPois   .            (helmet restricted)
rElec   .            (no cloak)
rCorr   .            (no gloves)
SInv    .            (no boots)
Will    .....        (no amulet)
Stlth   +            (no ring)
HPRegen 0.25/turn    (no ring)
MPRegen 0.08/turn

%: no passive effects
@: no status effects
A: AC +5, unfitting armour, cold-blooded
a: Renounce Religion, Berserk, Trog's Hand


You were on level 2 of the Dungeon.
You worshipped Trog.
Trog was pleased with you.
You visited 1 branch of the dungeon, and saw 2 of its levels.

You collected 59 gold pieces.

Inventory:

Hand Weapons
 a - a +0 hand axe (weapon)
Jewellery
 d - an amulet of magic regeneration
 f - a ring of resist corrosion
Scrolls
 c - a scroll of identify {unknown}
 e - a scroll of enchant weapon {unknown}
 h - a scroll of fog {unknown}
Potions
 b - 3 potions of curing {unknown}
 g - a potion of heal wounds {unknown}


   Skills:
 + Level 3.6 Fighting
 + Level 3.6 Axes
 + Level 3.2 Dodging


You had 2 spell levels left.
You didn't know any spells.
Your spell library was empty.

Dungeon Overview and Level Annotations

Branches:
Dungeon (2/15)

Altars:

Annotations:
D:2 Sigmund


Innate Abilities, Weirdness & Mutations

Your plain brown scales are hard. (AC +5)
You cannot fit into any form of body armour.
You are cold-blooded and may be slowed by cold attacks.


Message History

The hobgoblin closely misses you.
You hit the hobgoblin.
Your tail-slap misses the hobgoblin.
The hobgoblin is heavily wounded.
An orc comes into view. It is wielding a +0 dagger.
The hobgoblin barely misses you.
You completely miss the hobgoblin. You tail-slap the hobgoblin.
You kill the hobgoblin!
Trog accepts your kill.
Sigmund hits you from afar with a +0 scythe.
You see here 3 gold pieces.
You slash Sigmund!
You tail-slap Sigmund, but do no damage.
Sigmund is moderately wounded.
Sigmund misses you.
You closely miss Sigmund.
Your tail-slap misses Sigmund.
Sigmund is moderately wounded.
Sigmund misses you.
You hit Sigmund but do no damage.
You tail-slap Sigmund, but do no damage.
Sigmund is moderately wounded.
Sigmund gestures at you while chanting. The magic dart hits you.
You hit Sigmund but do no damage.
Sigmund is moderately wounded.
Sigmund mumbles some strange words.
Sigmund flickers and vanishes!
Deactivating autopickup; reactivate with Ctrl-A.
You hit something but do no damage. You tail-slap something.
Your punch misses something. Something hits you.
You hit something but do no damage. You hit the orc.
You kill the orc!
Trog accepts your kill. Something hits you.
You miss something. Your punch misses something. You barely miss something.
Something hits you!
You hit something. You tail-slap something. Something hits you!
* * * LOW HITPOINT WARNING * * *
You closely miss something. You miss something. Something hits you!
You die...

####
###########.....
......{@).......
########.#########
#........<#
###########


There were no monsters in sight!

Vanquished Creatures
  2 dart slugs (D:1)
  An orc (D:2)
  4 ball pythons (D:1)
  A bat (D:1)
  3 endoplasms (D:1)
  2 giant cockroaches (D:1)
  3 goblins (D:1)
  3 hobgoblins
  A kobold (D:1)
  3 frilled lizards (D:1)
  3 rats (D:1)
26 creatures vanquished.

Notes
Turn   | Place    | Note
-------+----------+-------------------------------------------
     0 | D:1      | Curundu the Draconian Berserker began the quest for the
                  | Orb.
     0 | D:1      | Reached XP level 1. HP: 19/19 MP: 1/1
   137 | D:1      | Reached XP level 2. HP: 26/26 MP: 2/2
   724 | D:1      | Reached ** piety under Trog
   768 | D:1      | Reached XP level 3. HP: 31/31 MP: 3/3
  1160 | D:2      | Noticed Sigmund
  1177 | D:2      | Slain by Sigmund

Illustrated notes

Levels and vault maps discovered:
D:1:      shiori_shiawase, layout_basic, serial_corexii_hall,
          corexii_hall_statues_l, chequers_hall_statues_wall_a,
          hangedman_decor_points, serial_bayou_pond_d
D:2:      cheibrodos_fertilizer, layout_basic, uniq_crazy_yiuf_cottage,
          uniq_sigmund

Skill      XL: |  1  2 |
---------------+-------+-----
Dodging        | 3 |  3.2
Fighting       | |  3.6
Axes           | |  3.6

Action                     || total
---------------------------++-------
  Melee: Hand axe          ||    76
         Tailslap          ||     9
         Punch             ||     1
    Use: Scroll            ||     1
 Armour: Skin              ||    56
  Dodge: Dodged            ||    61

Table legend: (Time is in decaauts)
 A = Elapsed time spent in this place.
 B = Non-inter-level travel time spent in this place.
 C = Inter-level travel time spent in this place.
 D = Time resting spent in this place.
 E = Time spent auto-exploring this place.
 F = Levels seen in this place.
 G = Mean time per level.
                   A        B        C        D        E       F      G
               +--------+--------+--------+--------+--------+-----+--------+
         Total |   1189 |   1189 |      0 |     27 |      0 |   2 |  594.5 |
       Dungeon |   1189 |   1189 |      0 |     27 |      0 |   2 |  594.5 |
               +--------+--------+--------+--------+--------+-----+--------+

Top non-repeatable levels by time:
     D:1: 1162 daAuts
     D:2: 27 daAuts
